 Dungeon Sprint DCSS version 0.30-a0-1066-g63dfefce0d (webtiles) character file.

Game seed: 5950098177224012231

7863 dduke234 the Nimble (level 11, -2/123 HPs)
             Began as a Gnoll Monk on Apr 12, 2023.
             Was a High Priest of Jiyva.
             Slain by a freezing wraith (16 damage)
             ... in the Dungeon (Sprint V: "Ziggurat Sprint").
             The game lasted 00:11:28 (484 turns).

dduke234 the Nimble (Gnoll Monk)                     Turns: 484, Time: 00:11:29

Health: -2/123     AC: 32    Str: 22    XL:     11   Next: 21%
Magic:  25/25      EV: 11    Int: 12    God:    Jiyva [*****.]
Gold:   0          SH:  0    Dex: 14    Spells: 30/30 levels left

rFire   + + .      SeeInvis .    F - +7 great mace "Firestarter" {flame, immolate, rFlCloud rF++}
rCold   . . .      Faith    .    (shield currently unavailable)
rNeg    . . .      Spirit   .    E - +15 Maxwell's patent armour {-Cast -Tele rElec Will+ rCorr}
rPois   .          Reflect  .    R - +1 helmet {Int+3}
rElec   +          Rampage  .    (no cloak)
rCorr   +          NoTele   +    (no gloves)
Will    +....      NoCast   +    (no boots) Stlth
                                 P - amulet of regeneration
HPRegen 2.64/turn                C - +6 ring of strength
MPRegen 0.64/turn                N - +4 ring of slaying

@: slowed, studying 2 skills, very slow
A: fangs 1, strong nose, distributed training, robust 3, tendrils
a: Renounce Religion, Oozemancy, Slimify


You were in the Dungeon.
You worshipped Jiyva.
Jiyva was extremely pleased with you.
You visited 1 branch

Inventory:

Hand Weapons
 a - a +0 mace
 D - the +27 heavy crossbow "Sniper" {heavy, Acc+∞ SInv}
   (You found it in the Dungeon)

   Acc+∞: It never misses its target.
   SInv:      It lets you see invisible.
 F - the +7 great mace "Firestarter" (weapon) {flame, immolate, rFlCloud rF++}
   (You found it in the Dungeon)

   rFlCloud:  It grants immunity to clouds of flame.
   rF:        It greatly protects you from fire.
 G - the +11 plutonium sword {Contam Stlth-}
   (You found it in the Dungeon)

   Contam:    It causes magical contamination when unequipped.
   Stlth:     It makes you less stealthy.
 H - the +13 scythe of Curses {drain, curses, Drain}
   (You found it in the Dungeon)

   Drain:     It drains your maximum health when unequipped.
 M - the +12 pair of quick blades "Gyre" and "Gimble" {protect}
   (You found it in the Dungeon)
Armour
 b - a +0 robe
 E - the +15 Maxwell's patent armour (worn) {-Cast -Tele rElec Will+ rCorr}
   (You found it in the Dungeon)

   rElec:     It insulates you from electricity.
   -Cast:     It prevents spellcasting.
   -Tele:     It prevents most forms of teleportation.
   rCorr:     It protects you from acid and corrosion.
   Will:      It increases your willpower.
 O - the +8 storm dragon scales of a Gauntlet {rElec rPois rC+ Dex-2 Slay+5}
   (You found it in the Dungeon)

   Dex:       It affects your dexterity (-2).
   Slay:      It affects your accuracy & damage with ranged weapons and melee
   (+5).
   rC:        It protects you from cold.
   rElec:     It insulates you from electricity.
   rPois:     It protects you from poison.
 R - a +1 helmet of intelligence (worn)
Jewellery
 n - a ring of poison resistance
 w - a ring of flight
 x - a +6 ring of dexterity
 y - a +6 ring of dexterity
 z - a +6 ring of intelligence
 A - a +6 ring of intelligence
 B - a +6 ring of strength
 C - a +6 ring of strength (left hand)
 N - a +4 ring of slaying (right hand)
 P - an amulet of regeneration (around neck)
 Q - a ring of willpower
Wands
 t - a wand of mindburst (7)
 u - a wand of iceblast (7)
 v - a wand of light (7)
Scrolls
 j - 4 scrolls of blinking
 p - 4 scrolls of amnesia
 q - 7 scrolls of fog
 r - 5 scrolls of identify
 s - 2 scrolls of fear
 L - a scroll of brand weapon
Potions
 c - a potion of ambrosia
 e - 10 potions of curing
 f - 3 potions of heal wounds
 g - 6 potions of haste
 h - 7 potions of magic
 i - 3 potions of berserk rage
 k - 2 potions of brilliance
 l - 2 potions of invisibility
 m - 4 potions of resistance
 o - 5 potions of might
Miscellaneous
 d - a lightning rod (4/4)
 I - a phantom mirror
 J - a phial of floods
 K - a tin of tremorstones (2/2)


   Skills:
 + Level 12.2 Fighting
 + Level 10.4 Short Blades
 + Level 10.4 Long Blades
 + Level 10.4 Axes
 + Level 12.2 Maces & Flails
 + Level 10.4 Polearms
 + Level 10.4 Staves
 + Level 10.4 Ranged Weapons
 + Level 10.4 Throwing
 + Level 10.4 Armour
 + Level 12.2 Dodging
 + Level 11.2 Stealth
 + Level 10.4 Shields
 + Level 11.1 Unarmed Combat
 + Level 10.4 Spellcasting
 + Level 8.7 Conjurations
 + Level 8.7 Hexes
 + Level 8.7 Summonings
 + Level 8.7 Necromancy
 + Level 8.7 Translocations
 + Level 8.7 Transmutations
 + Level 8.7 Fire Magic
 + Level 8.7 Ice Magic
 + Level 9.5 Air Magic
 + Level 8.7 Earth Magic
 + Level 8.7 Poison Magic
 + Level 11.3 Invocations
 + Level 10.4 Evocations


You had 30 spell levels left.
You didn't know any spells.
Your spell library contained the following spells:

 Spells                   Type           Power      Damage    Failure   Level
 Necrotise                Necr           100%       1d9       4%          1
 Static Discharge         Conj/Air       56%        2-5/arc   5%          2
 Momentum Strike          Conj/Tloc      54%        3d9       6%          2
 Vhi's Electric Charge    Tloc/Air       56%        N/A       11%         3
 Teleport Other           Tloc           27%        N/A       12%         3
 Airstrike                Air            14%        2d(3-19)  30%         4
 Summon Lightning Spire   Summ/Air       28%        N/A       34%         4
 Leda's Liquefaction      Hex/Erth       13%        N/A       38%         4
 Summon Ice Beast         Ice/Summ       27%        N/A       38%         4
 Arcjolt                  Conj/Air       14%        1d24      69%         5
 Alistair's Intoxication  Tmut/Pois      18%        N/A       75%         5
 Borgnjor's Vile Clutch   Necr/Erth      13%        N/A       75%         5
 Lee's Rapid Deconstruct  Erth           13%        3d9*      75%         5
 Summon Forest            Summ/Tloc      13%        N/A       75%         5
 Summon Mana Viper        Hex/Summ       27%        N/A       75%         5
 Eringya's Noxious Bog    Tmut/Pois      13%        N/A       99%         6
 Statue Form              Tmut/Erth      18%        N/A       99%         6
 Monstrous Menagerie      Summ           13%        N/A       100%        7
 Orb of Destruction       Conj           13%        9d7       100%        7
 Maxwell's Capacitive Co  Air            14%        ∞         100%        8
 Chain Lightning          Conj/Air       14%        3d18      100%        9
 Death's Door             Necr           13%        N/A       100%        9
 Fire Storm               Conj/Fire      13%        8d4       100%        9
 Shatter                  Erth           13%        3d14*     100%        9


Dungeon Overview and Level Annotations

Branches:
Dungeon (1/1)

Altars:
Ashenzari
Cheibriados
Dithmenos
Elyvilon
Fedhas
Gozag
Hepliaklqana
Kikubaaqudgha
Makhleb
Nemelex Xobeh
Okawaru
Qazlal
Ru
Sif Muna
Trog
Uskayaw
Vehumet
Wu Jian
Xom
Yredelemnul
Zin
The Shining One
Jiyva
Lugonu

Annotations:
D 1 transporter


Innate Abilities, Weirdness & Mutations

You have very sharp teeth.
Your uncanny sense of smell can sniff out nearby items.
Your experience applies equally to all skills.
You are extremely robust. (+30% HP)
You are covered in slimy tendrils that may disarm your opponents.


Message History

* * * LOW HITPOINT WARNING * * *
Your rockslime hits the blizzard demon!
The blizzard demon holds its ground!
Your ice dragon breathes frost at the ice beast.
The blast of cold hits the blizzard demon.
The blizzard demon resists.
The blast of cold hits the ice beast.
The ice beast completely resists.
The blast of cold hits the freezing wraith.
The freezing wraith completely resists.
The blizzard demon is engulfed in freezing vapours.
The blizzard demon barely misses you. The blizzard demon hits you.
* * * LOW HITPOINT WARNING * * *
The polar bear is engulfed in freezing vapours.
The polar bear completely misses you.
The polar bear claws you but does no damage. x2
The freezing wraith closely misses you.
The freezing wraith completely misses you.
The blizzard demon hits you but does no damage.
The blizzard demon closely misses you.
Your azure jelly is engulfed in freezing vapours.
Your azure jelly hits the blizzard demon but does no damage. x2
Your azure jelly hits the blizzard demon.
Your azure jelly hits the blizzard demon but does no damage.
You feel much better.
You are engulfed in freezing vapours.
* * * LOW HITPOINT WARNING * * *
Your rockslime hits the blizzard demon!!!
The blizzard demon holds its ground!
The blizzard demon dies!
Your ice dragon closely misses the blizzard demon.
Your ice dragon barely misses the blizzard demon. x2
The blizzard demon is engulfed in freezing vapours.
The blizzard demon hits you but does no damage. x2
The polar bear is engulfed in freezing vapours.
The polar bear bites you but does no damage.
The polar bear closely misses you. x2; The ice beast barely misses you.
Your azure jelly is engulfed in freezing vapours.
Your rockslime hits the blizzard demon!
The blizzard demon is shoved backwards!
The ice beast barely misses you. The freezing wraith hits you.
* * * LOW HITPOINT WARNING * * *
The freezing wraith freezes you!
You die...

▓....©....▓...©...▓
▓▓▓▓▓▓▓▓▓▓▓▓▓▓▓▓▓▓▓▓▓
▓...8©8...▓...8©8...▓
∆∆
▓..[|=)|..▓..).|)|..▓
∆
▓..}:||=..▓...)).)..▓
▓....~....▓.........▓
▓..~~.....▓.........▓
▓..JD○....▓...).....▓
▓.2Y@°....▓..)))....▓
▓..WJh....▓.▓.(.).▓.▓
▓.........▓....©)...▓
▓....©....▓▓▓▓▓▓▓▓▓▓▓
▓▓▓▓▓▓▓▓▓▓▓ ∆∆∆∆∆∆∆∆
∆∆∆∆∆∆∆∆∆ ∆∆
∆∆∆∆∆∆∆∆∆∆∆∆∆∆∆∆ ∆∆
∆∆∆∆∆∆∆∆∆∆∆∆∆∆∆∆∆∆


You could see a blizzard demon (unsilenced, waterlogged), a polar bear, a
freezing wraith, an ice beast (ally target), a friendly ice dragon (summoned,
drained), a friendly azure jelly (summoned) and a friendly rockslime (summoned).

Vanquished Creatures
  A dancing weapon (D)
  A deep elf archer (D)
  3 deep elf pyromancers (D)
  2 deep elf zephyrmancers (D)
  A cyclops (D)
  A smoke demon (D)
  A naga mage (D)
  2 wind drakes (D)
  4 merfolk (D)
  7 nagas (D)
  4 water moccasins (D)
  2 ice beasts (D)
  2 centaurs (D)
  A quasit (D)
  4 adders (D)
  2 shadow imps (D)
  2 white imps (D)
  An ufetubus (D)
  4 ball pythons (D)
  A bat skeleton (D)
  A bat zombie (D)
  A jackal simulacrum (D)
48 creatures vanquished.

Vanquished Creatures (collateral kills)
  A blizzard demon (D)
  An ice dragon (D)
  An ice beast (D)
  A white imp (D)
4 creatures vanquished.

Vanquished Creatures (others)
  A polar bear (D)
  A water moccasin (D)
  3 jellies (D)
5 creatures vanquished.

Grand Total: 57 creatures vanquished

Notes
Turn   | Place    | Note
-------+----------+-------------------------------------------
     0 | D        | dduke234 the Gnoll Monk began the quest for the Orb.
     0 | D        | Reached XP level 1. HP: 23/23 MP: 1/1
     0 | D        | Found a blossoming altar of Fedhas.
     0 | D        | Found the +6 Majin-Bo {spellvamp, MP+6 Int+6}
     0 | D        | Found the +27 heavy crossbow "Sniper" {heavy, Acc+∞ SInv}
     0 | D        | Found the +10 dark maul {heavy}
     0 | D        | Found the +15 Maxwell's patent armour {-Cast -Tele rElec
                  | Will+ rCorr}
     0 | D        | Found the +18 shield of the Gong {Loud rN+ Will+ rCorr
                  | EV-5}
     0 | D        | Found the +16 obsidian axe {drain, demonic, Mesm Drain Fly
                  | SInv}
     0 | D        | Found the +7 great mace "Firestarter" {flame, immolate,
                  | rFlCloud rF++}
     0 | D        | Found the +6 shillelagh "Devastator" {shatter}
     0 | D        | Found the +11 plutonium sword {Contam Stlth-}
     0 | D        | Found the +8 lance "Wyrmbane" {slay drac, rPois rF+ rC+
                  | AC+3}
     0 | D        | Found the +9 sword of Zonguldrok {reap}
     0 | D        | Found the +13 scythe of Curses {drain, curses, Drain}
     0 | D        | Found the +9 sword of Power {lifebolt}
     0 | D        | Found the +7 mace of Variability {chaos, chaos arc}
     0 | D        | Found the +11 Singing Sword {sonic wave}
     0 | D        | Found the +8 storm bow {elec, penet}
     1 | D        | Found a shimmering blue altar of Sif Muna.
     1 | D        | Found a sacrificial altar of Ru.
     1 | D        | Found a bloodstained altar of Trog.
     1 | D        | Found a stormy altar of Qazlal.
     1 | D        | Found an iron altar of Okawaru.
     1 | D        | Found a sparkling altar of Nemelex Xobeh.
     3 | D        | Found a transporter.
     3 | D        | Found an ancient bone altar of Kikubaaqudgha.
     3 | D        | Found a viscous altar of Jiyva.
     3 | D        | Found a corrupted altar of Lugonu.
     3 | D        | Found a hazy altar of Hepliaklqana.
     3 | D        | Found a burning altar of Makhleb.
     3 | D        | Found an opulent altar of Gozag.
   134 | D        | Became a worshipper of Jiyva Jaysy the Shapeless
   134 | D        | Reached * piety under Jiyva
   134 | D        | Reached ** piety under Jiyva
   139 | D        | Reached XP level 2. HP: 31/31 MP: 1/5
   140 | D        | Entered arena 2.
   140 | D        | Noticed an ice beast
   140 | D        | Found a transporter.
   150 | D        | Killed an ice beast
   151 | D        | Reached skill level 5 in Stealth
   151 | D        | Reached XP level 3. HP: 26/36 MP: 6/8
   151 | D        | Reached XP level 4. HP: 32/43 MP: 6/9
   165 | D        | Entered arena 3.
   165 | D        | Noticed a deep elf archer
   165 | D        | Noticed a deep elf zephyrmancer
   165 | D        | Noticed a deep elf pyromancer
   165 | D        | Found a transporter.
   169 | D        | Killed a deep elf pyromancer
   170 | D        | Reached skill level 5 in Short Blades
   170 | D        | Reached skill level 5 in Long Blades
   170 | D        | Reached skill level 5 in Axes
   170 | D        | Reached skill level 5 in Polearms
   170 | D        | Reached skill level 5 in Staves
   170 | D        | Reached skill level 5 in Ranged Weapons
   170 | D        | Reached skill level 5 in Throwing
   170 | D        | Reached skill level 5 in Armour
   170 | D        | Reached skill level 5 in Shields
   170 | D        | Reached skill level 5 in Unarmed Combat
   170 | D        | Reached skill level 5 in Spellcasting
   170 | D        | Reached skill level 5 in Evocations
   170 | D        | Reached XP level 5. HP: 14/51 MP: 10/13
   170 | D        | Reached XP level 6. HP: 15/57 MP: 10/14
   170 | D        | Reached XP level 7. HP: 17/63 MP: 10/15
   176 | D        | Killed a deep elf zephyrmancer
   177 | D        | Reached skill level 5 in Conjurations
   177 | D        | Reached skill level 5 in Hexes
   177 | D        | Reached skill level 5 in Summonings
   177 | D        | Reached skill level 5 in Necromancy
   177 | D        | Reached skill level 5 in Translocations
   177 | D        | Reached skill level 5 in Transmutations
   177 | D        | Reached skill level 5 in Fire Magic
   177 | D        | Reached skill level 5 in Ice Magic
   177 | D        | Reached skill level 5 in Air Magic
   177 | D        | Reached skill level 5 in Earth Magic
   177 | D        | Reached skill level 5 in Poison Magic
   177 | D        | Reached XP level 8. HP: 35/71 MP: 13/17
   177 | D        | Killed a deep elf archer
   187 | D        | Entered arena 4.
   187 | D        | Noticed a deep elf pyromancer
   187 | D        | Noticed a deep elf zephyrmancer
   187 | D        | Noticed a deep elf pyromancer
   187 | D        | Noticed a +0 mace of protection
   187 | D        | Found a transporter.
   192 | D        | Killed a +0 mace of protection
   192 | D        | Killed a deep elf pyromancer
   192 | D        | Killed a deep elf pyromancer
   193 | D        | Reached skill level 10 in Fighting
   193 | D        | Reached skill level 10 in Maces & Flails
   193 | D        | Reached skill level 10 in Dodging
   193 | D        | Reached XP level 9. HP: 48/79 MP: 18/21
   193 | D        | Killed a deep elf zephyrmancer
   194 | D        | Reached XP level 10. HP: 53/86 MP: 18/22
   206 | D        | Entered arena 5.
   206 | D        | Found the +12 pair of quick blades "Gyre" and "Gimble"
                  | {protect}
   206 | D        | Noticed a smoke demon
   206 | D        | Reached *** piety under Jiyva
   206 | D        | Found a transporter.
   219 | D        | Killed a smoke demon
   232 | D        | Entered arena 6.
   232 | D        | Found a transporter.
   262 | D        | Entered arena 7.
   262 | D        | Noticed a naga mage
   263 | D        | Found a transporter.
   268 | D        | Reached skill level 10 in Stealth
   270 | D        | Killed a naga mage
   271 | D        | Reached skill level 10 in Invocations
   305 | D        | Entered arena 8.
   305 | D        | Reached **** piety under Jiyva
   307 | D        | Found a transporter.
   314 | D        | Got the +8 storm dragon scales of a Gauntlet {rElec rPois
                  | rC+ Dex-2 Slay+5}
   337 | D        | Got the Papyrus of Grim Wanderlust
   340 | D        | Entered arena 9.
   341 | D        | Found a transporter.
   378 | D        | Entered arena 10.
   379 | D        | Found a transporter.
   407 | D        | Entered arena 11.
   407 | D        | Noticed a cyclops
   407 | D        | Reached ***** piety under Jiyva
   407 | D        | Gained mutation: You are covered in slimy tendrils that may
                  | disarm your opponents. [Jiyva's grace]
   407 | D        | Gained mutation: You are robust. (+10% HP) [Jiyva's grace]
   407 | D        | Gained mutation: You are very robust. (+20% HP) [Jiyva's
                  | grace]
   407 | D        | Gained mutation: You are extremely robust. (+30% HP)
                  | [Jiyva's grace]
   408 | D        | Found a transporter.
   419 | D        | Reached skill level 10 in Unarmed Combat
   424 | D        | Killed a cyclops
   425 | D        | Reached skill level 10 in Short Blades
   425 | D        | Reached skill level 10 in Long Blades
   425 | D        | Reached skill level 10 in Axes
   425 | D        | Reached skill level 10 in Polearms
   425 | D        | Reached skill level 10 in Staves
   425 | D        | Reached skill level 10 in Ranged Weapons
   425 | D        | Reached skill level 10 in Throwing
   425 | D        | Reached skill level 10 in Armour
   425 | D        | Reached skill level 10 in Shields
   425 | D        | Reached skill level 10 in Spellcasting
   425 | D        | Reached skill level 10 in Evocations
   425 | D        | Reached XP level 11. HP: 33/123 MP: 23/25
   437 | D        | Got Lom Lobon's Directory of Energy
   471 | D        | Entered arena 12.
   471 | D        | Noticed an ice dragon
   471 | D        | Noticed a blizzard demon
   475 | D        | Noticed a blizzard demon
   476 | D        | Found a transporter.
   481 | D        | Killed an ice dragon
   484 | D        | Killed a blizzard demon
   484 | D        | Slain by a freezing wraith

Illustrated notes

Levels and vault maps discovered:
D:        sprint_v [room_start, room_1, room_2, room_3, room_4, room_5, room_6,
          room_7, room_8, room_9, room_10, room_11, room_12, room_13, room_14,
          room_15, room_16, room_17, room_18, room_19, room_20, room_21,
          room_22, room_23, room_24, room_25, room_26, room_27]

Skill      XL: |  1  2  3  4  5  6  7  8  9 10 11 |
---------------+----------------------------------+-----
Fighting       | 7 8 9 10 11 12 | 12.2
Short Blades   | 2 3 5 6 8 10 | 10.4
Long Blades    | 2 3 5 6 8 10 | 10.4
Axes           | 2 3 5 6 8 10 | 10.4
Maces & Flails | 7 8 9 10 11 12 | 12.2
Polearms       | 2 3 5 6 8 10 | 10.4
Staves         | 2 3 5 6 8 10 | 10.4
Ranged Weapons | 2 3 5 6 8 10 | 10.4
Throwing       | 2 3 5 6 8 10 | 10.4
Armour         | 2 3 5 6 8 10 | 10.4
Dodging        | 7 8 9 10 11 12 | 12.2
Shields        | 2 3 5 6 8 10 | 10.4
Unarmed Combat | 2 3 5 6 8 10 11 | 11.1
Spellcasting   | 2 3 5 6 8 10 | 10.4
Conjurations   | 2 4 5 7 8 |  8.7
Hexes          | 2 4 5 7 8 |  8.7
Summonings     | 2 4 5 7 8 |  8.7
Necromancy     | 2 4 5 7 8 |  8.7
Translocations | 2 4 5 7 8 |  8.7
Transmutations | 2 4 5 7 8 |  8.7
Fire Magic     | 2 4 5 7 8 |  8.7
Ice Magic      | 2 4 5 7 8 |  8.7
Air Magic      | 2 4 5 7 9 |  9.5
Earth Magic    | 2 4 5 7 8 |  8.7
Poison Magic   | 2 4 5 7 8 |  8.7
Invocations    | 2 3 6 7 9 10 11 | 11.3
Evocations     | 2 3 5 6 8 10 | 10.4
Stealth        | 5 7 9 10 11 | 11.2

Action                     |  1- 3 |  4- 6 |  7- 9 | 10-12 || total
---------------------------+-------+-------+-------+-------++-------
  Melee: Great mace        |     9 |     3 |     9 |    60 ||    81
         Bite              |     2 |       |     1 |     6 ||     9
  Evoke: Phial of floods   |       |       |       |     1 ||     1
         Phantom mirror    |       |       |       |     1 ||     1
    Use: Potion            |     1 |       |     2 |     5 ||     8
   Stab: Distracted        |       |       |       |     1 ||     1
 Armour: Plate armour      |     6 |     2 |    11 |   170 ||   189
  Dodge: Dodged            |     3 |     1 |    10 |   116 ||   130

Table legend: (Time is in decaauts)
 A = Elapsed time spent in this place.
 B = Non-inter-level travel time spent in this place.
 C = Inter-level travel time spent in this place.
 D = Time resting spent in this place.
 E = Time spent auto-exploring this place.
 F = Levels seen in this place.
 G = Mean time per level.
                   A        B        C        D        E       F      G
               +--------+--------+--------+--------+--------+-----+--------+
         Total |    495 |    495 |      0 |      0 |      1 |   1 |  495.0 |
       Dungeon |    495 |    495 |      0 |      0 |      1 |   1 |  495.0 |
               +--------+--------+--------+--------+--------+-----+--------+

Top non-repeatable levels by time:
       D: 495 daAuts
